| TOP OF THE 1ST |
|
Salem-Keizer Volcanoes batting - Pitching for Cincinnati (NYP) Reds : RHP Hugo Pirir
|
|
Pitching: RHP Hugo Pirir
|
|
|
Batting: RHB David Bibian
|
0-0: Ball 1-0: Ball 2-0: Fly out, F7 (Line Drive, 78M, EV 91.2 MPH)
|
|
Batting: RHB Mario Saez
|
0-0: Ball 1-0: Ball 2-0: Foul Ball, location: 2F 2-1: Ball 3-1: Called Strike 3-2: Foul Ball, location: 2F 3-2: Ground out 5-3 (Groundball, 5, EV 109.4 MPH)
|
|
Batting: LHB Ben Radach
|
0-0: Called Strike 0-1: Foul Ball, location: 2F 0-2: Ball 1-2: Foul Ball, location: 2F 1-2: Strikes out swinging
|
| Top of the 1st over - 0 runs, 0 hits, 0 errors, 0 left on base; Salem-Keizer 0 - Cincinnati (NYP) 0 |
| BOTTOM OF THE 1ST |
|
Cincinnati (NYP) Reds batting - Pitching for Salem-Keizer Volcanoes : RHP Mitsuo Kuriyama
|
|
Pitching: RHP Mitsuo Kuriyama
|
|
|
Batting: SHB David Garnica
|
0-0: Swinging Strike 0-1: Ball 1-1: Swinging Strike 1-2: Strikes out looking
|
|
Batting: SHB Cesar Pelayo
|
0-0: Fly out, F5 (Line Drive, 5, EV 69.4 MPH)
|
|
Batting: RHB Andy Bachman
|
0-0: Ball 1-0: TRIPLE (Flyball, 78XD, EV 100.6 MPH)
|
|
Batting: RHB Nick Moreno
|
0-0: Swinging Strike 0-1: Ball 1-1: Ball 2-1: Ground out 4-3 (Groundball, 34, EV 83.8 MPH)
|
| Bottom of the 1st over - 0 runs, 1 hit, 0 errors, 1 left on base; Salem-Keizer 0 - Cincinnati (NYP) 0 |
| TOP OF THE 2ND |
|
Salem-Keizer Volcanoes batting - Pitching for Cincinnati (NYP) Reds : RHP Hugo Pirir
|
|
Batting: LHB Tom Reynolds
|
0-0: Ball 1-0: Swinging Strike 1-1: Swinging Strike 1-2: Ball 2-2: Ground out 1-3 (Groundball, 34S, EV 61.2 MPH)
|
|
Batting: LHB Mike Sammons
|
0-0: Called Strike 0-1: Called Strike 0-2: Ground out 6-3 (Groundball, 6, EV 83.1 MPH)
|
|
Batting: RHB Jonathan Davis
|
0-0: Called Strike 0-1: Ball 1-1: Ball 2-1: Fly out, F8 (Flyball, 89S, EV 81.9 MPH)
|
| Top of the 2nd over - 0 runs, 0 hits, 0 errors, 0 left on base; Salem-Keizer 0 - Cincinnati (NYP) 0 |
| BOTTOM OF THE 2ND |
|
Cincinnati (NYP) Reds batting - Pitching for Salem-Keizer Volcanoes : RHP Mitsuo Kuriyama
|
|
Batting: LHB Josh Slusarczyk
|
0-0: Ball 1-0: Foul Ball, location: 2F 1-1: Fly out, F5 (Popup, 56, EV 53.8 MPH)
|
|
Batting: RHB Ch'ang-chieh Hsia
|
0-0: Foul Ball, location: 2F 0-1: Called Strike 0-2: Foul Ball, location: 2F 0-2: Ball 1-2: Foul Ball, location: 2F 1-2: Ball 2-2: Ground out 6-3 (Groundball, 6M, EV 94.4 MPH)
|
|
Batting: LHB Alex Ramos
|
0-0: Ball 1-0: Ball 2-0: Ground out 6-3 (Groundball, 6S, EV 62.5 MPH)
|
| Bottom of the 2nd over - 0 runs, 0 hits, 0 errors, 0 left on base; Salem-Keizer 0 - Cincinnati (NYP) 0 |
| TOP OF THE 3RD |
|
Salem-Keizer Volcanoes batting - Pitching for Cincinnati (NYP) Reds : RHP Hugo Pirir
|
|
Batting: SHB Curtis Thompson
|
0-0: Ball 1-0: Foul Ball, location: 2F 1-1: SINGLE (Groundball, 6MD, EV 107.5 MPH)
|
|
Batting: RHB Adrian Martinelli
|
0-0: Called Strike 0-1: Called Strike Curtis Thompson steals 2nd base 0-2: Ball 1-2: Ball 2-2: Strikes out swinging
|
|
Batting: RHB Andy Cunningham
|
0-0: Swinging Strike 0-1: Called Strike 0-2: SINGLE (Groundball, 34D, EV 103.1 MPH) Curtis Thompson to third Runner from 3rd tries for Home, throw by RF and OUT! 9-2
|
|
Batting: RHB David Bibian
|
0-0: Ball 1-0: Ball Andy Cunningham steals 2nd base 2-0: Ground out 3-1 (Groundball, 34S, EV 67.5 MPH)
|
| Top of the 3rd over - 0 runs, 2 hits, 0 errors, 1 left on base; Salem-Keizer 0 - Cincinnati (NYP) 0 |
| BOTTOM OF THE 3RD |
|
Cincinnati (NYP) Reds batting - Pitching for Salem-Keizer Volcanoes : RHP Mitsuo Kuriyama
|
|
Batting: RHB Adrian Billups
|
0-0: Called Strike 0-1: Ball 1-1: Fly out, F7 (Flyball, 78S, EV 93.1 MPH)
|
|
Batting: LHB Mike Becerra
|
0-0: Ball 1-0: Ball 2-0: Swinging Strike 2-1: Swinging Strike 2-2: Fly out, F8 (Flyball, 8LM, EV 84.4 MPH)
|
|
Batting: SHB David Garnica
|
0-0: Ball 1-0: Called Strike 1-1: Ball 2-1: Foul Ball, location: 2F 2-2: Ground out 6-3 (Groundball, 6, EV 86.2 MPH)
|
| Bottom of the 3rd over - 0 runs, 0 hits, 0 errors, 0 left on base; Salem-Keizer 0 - Cincinnati (NYP) 0 |
| TOP OF THE 4TH |
|
Salem-Keizer Volcanoes batting - Pitching for Cincinnati (NYP) Reds : RHP Hugo Pirir
|
|
Batting: RHB Mario Saez
|
0-0: Ball 1-0: Called Strike 1-1: Foul Ball, location: 2F 1-2: Ball 2-2: Ground out 5-3 (Groundball, 56, EV 83.8 MPH)
|
|
Batting: LHB Ben Radach
|
0-0: Ball 1-0: Foul Ball, location: 2F 1-1: Ground out 4-3 (Groundball, 4M, EV 100.6 MPH)
|
|
Batting: LHB Tom Reynolds
|
0-0: Ball 1-0: Ball 2-0: Ball 3-0: Base on Balls
|
|
Batting: LHB Mike Sammons
|
Pickoff Play to 1st, Runner tries for 2nd, OUT after rundown.
|
| Top of the 4th over - 0 runs, 0 hits, 0 errors, 0 left on base; Salem-Keizer 0 - Cincinnati (NYP) 0 |
| BOTTOM OF THE 4TH |
|
Cincinnati (NYP) Reds batting - Pitching for Salem-Keizer Volcanoes : RHP Mitsuo Kuriyama
|
|
Batting: SHB Cesar Pelayo
|
0-0: Ball 1-0: Ball 2-0: Ball 3-0: Called Strike 3-1: Base on Balls
|
|
Batting: RHB Andy Bachman
|
0-0: Called Strike 0-1: Ball 1-1: Ball 2-1: Ball 3-1: SINGLE (Groundball, 56D, EV 95.0 MPH) Cesar Pelayo to second
|
|
Batting: RHB Nick Moreno
|
0-0: Ball 1-0: Ball 2-0: Swinging Strike 2-1: SINGLE (Line Drive, 8LS, EV 106.2 MPH) Cesar Pelayo to third Andy Bachman to second
|
|
Batting: LHB Josh Slusarczyk
|
0-0: Foul Ball, location: 2F 0-1: GRAND SLAM HOME RUN (Flyball, 9LD, EV 95.6 MPH), Distance : 356 ft
|
|
Batting: RHB Ch'ang-chieh Hsia
|
0-0: Ball 1-0: Foul Ball, location: 2F 1-1: Foul Ball, location: 2F 1-2: Ball 2-2: Ground out 5-3 (Groundball, 56S, EV 62.5 MPH)
|
|
Batting: LHB Alex Ramos
|
0-0: Called Strike 0-1: Swinging Strike 0-2: Ball 1-2: Foul Ball, location: 2F 1-2: Ball 2-2: Foul Ball, location: 2F 2-2: Strikes out swinging
|
|
Batting: RHB Adrian Billups
|
0-0: Foul Ball, location: 2F 0-1: Foul Ball, location: 2F 0-2: Foul Ball, location: 2F 0-2: Foul Ball, location: 2F 0-2: Fly out, F8 (Flyball, 8RD, EV 98.8 MPH)
|
| Bottom of the 4th over - 4 runs, 3 hits, 0 errors, 0 left on base; Salem-Keizer 0 - Cincinnati (NYP) 4 |
| TOP OF THE 5TH |
|
Salem-Keizer Volcanoes batting - Pitching for Cincinnati (NYP) Reds : RHP Hugo Pirir
|
|
Batting: LHB Mike Sammons
|
0-0: Called Strike 0-1: Called Strike 0-2: Ball 1-2: Ball 2-2: Ball 3-2: DOUBLE (Flyball, 8LXD, EV 96.2 MPH)
|
|
Batting: RHB Jonathan Davis
|
0-0: Ball 1-0: Called Strike 1-1: 2-RUN HOME RUN (Flyball, 7LD, EV 93.8 MPH), Distance : 353 ft
|
|
Batting: SHB Curtis Thompson
|
0-0: Foul Ball, location: 2F 0-1: Fly out, F9 (Flyball, 9LM, EV 95.6 MPH)
|
|
Batting: RHB Adrian Martinelli
|
0-0: Called Strike 0-1: Ball 1-1: Ball 2-1: Ball 3-1: Called Strike 3-2: Reached on error, E6 (Groundball, 6M, EV 82.5 MPH)
|
|
Batting: RHB Andy Cunningham
|
0-0: Ball 1-0: Called Strike 1-1: Swinging Strike 1-2: Hit by Pitch Adrian Martinelli to second
|
|
Batting: RHB David Bibian
|
0-0: Ball 1-0: Ball 2-0: Ball 3-0: Called Strike 3-1: Foul Ball, location: 2F 3-2: Foul Ball, location: 2F 3-2: Base on Balls Adrian Martinelli to third Andy Cunningham to second
|
|
Batting: RHB Mario Saez
|
0-0: Called Strike 0-1: Foul Ball, location: 2F 0-2: Ball 1-2: Ball 2-2: Fly out, F5 (Popup, 5SF, EV 83.8 MPH)
|
|
Batting: LHB Ben Radach
|
0-0: SINGLE (Groundball, 6, EV 95.0 MPH) Adrian Martinelli scores Andy Cunningham to third David Bibian to second Runner from 3rd tries for Home, SAFE, throw by CF to home
|
|
Pitching: LHP Andres Lobato
|
|
|
Batting: LHB Tom Reynolds
|
0-0: SINGLE (Line Drive, 4M, EV 105.0 MPH) David Bibian to third Ben Radach to second
|
|
Batting: LHB Mike Sammons
|
0-0: Foul Ball, location: 2F 0-1: Ball 1-1: Called Strike 1-2: Ball 2-2: Ground out 3-1 (Groundball, 34, EV 83.8 MPH)
|
| Top of the 5th over - 4 runs, 4 hits, 1 error, 3 left on base; Salem-Keizer 4 - Cincinnati (NYP) 4 |
| BOTTOM OF THE 5TH |
|
Cincinnati (NYP) Reds batting - Pitching for Salem-Keizer Volcanoes : RHP Mitsuo Kuriyama
|
|
Batting: LHB Mike Becerra
|
0-0: SOLO HOME RUN (Flyball, 9D, EV 100.6 MPH), Distance : 380 ft
|
|
Pitching: RHP Mike Zambrano Jr.
|
|
|
Batting: SHB David Garnica
|
0-0: Ball 1-0: Ball 2-0: Called Strike 2-1: Ball 3-1: Base on Balls
|
|
Batting: SHB Cesar Pelayo
|
0-0: Called Strike 0-1: Foul Ball, location: 2F 0-2: Ball 1-2: Ball 2-2: Foul Ball, location: 2F 2-2: Strikes out swinging
|
|
Batting: RHB Andy Bachman
|
0-0: Foul Ball, location: 2F 0-1: Foul Ball, location: 2F 0-2: Foul Ball, location: 2F 0-2: Ball 1-2: Fielders Choice at 2nd, 6-4 (Groundball, 6, EV 76.9 MPH)
|
|
Batting: RHB Nick Moreno
|
0-0: Called Strike 0-1: Ball 1-1: Swinging Strike 1-2: Foul Ball, location: 2F 1-2: Foul Ball, location: 2F 1-2: Strikes out swinging
|
| Bottom of the 5th over - 1 run, 1 hit, 0 errors, 1 left on base; Salem-Keizer 4 - Cincinnati (NYP) 5 |
| TOP OF THE 6TH |
|
Salem-Keizer Volcanoes batting - Pitching for Cincinnati (NYP) Reds : LHP Andres Lobato
|
|
Batting: RHB Jonathan Davis
|
0-0: Called Strike 0-1: Ball 1-1: Foul Ball, location: 2F 1-2: Ball 2-2: Ball 3-2: Foul Ball, location: 2F 3-2: Base on Balls
|
|
Batting: SHB Curtis Thompson
|
0-0: Ball 1-0: Ball 2-0: Foul Ball, location: 2F 2-1: Ball 3-1: Swinging Strike 3-2: Foul Ball, location: 2F 3-2: Foul Ball, location: 2F 3-2: Strikes out swinging
|
|
Batting: RHB Adrian Martinelli
|
0-0: Ball 1-0: Swinging Strike 1-1: Ball 2-1: Ball Wild Pitch! Jonathan Davis to second 3-1: Base on Balls
|
|
Pinch Runner at 2nd Houston Brock:
|
|
|
Batting: RHB Andy Cunningham
|
0-0: Ball Passed Ball! Houston Brock to third Adrian Martinelli to second 1-0: Foul Ball, location: 2F 1-1: Called Strike 1-2: Fly out, F9 (Flyball, 9, EV 95.6 MPH)
|
|
Batting: RHB David Bibian
|
0-0: Called Strike 0-1: Foul Ball, location: 2F 0-2: Foul Ball, location: 2F 0-2: Ball 1-2: Strikes out looking
|
| Top of the 6th over - 0 runs, 0 hits, 0 errors, 2 left on base; Salem-Keizer 4 - Cincinnati (NYP) 5 |
| BOTTOM OF THE 6TH |
|
Cincinnati (NYP) Reds batting - Pitching for Salem-Keizer Volcanoes : RHP Mike Zambrano Jr.
|
|
Now at SS: Jim Begger
|
|
|
Batting: LHB Josh Slusarczyk
|
0-0: Ball 1-0: Called Strike 1-1: Ball 2-1: Ball 3-1: Base on Balls
|
|
Batting: RHB Ch'ang-chieh Hsia
|
0-0: Called Strike 0-1: DOUBLE (Line Drive, 3D, EV 103.1 MPH) Josh Slusarczyk to third Runner from 3rd tries for Home, SAFE, throw by RF to home
|
|
Batting: LHB Alex Ramos
|
0-0: Ball 1-0: Called Strike 1-1: Called Strike 1-2: Ball 2-2: Hit by Pitch
|
|
Batting: RHB Adrian Billups
|
0-0: Swinging Strike 0-1: Swinging Strike 0-2: Foul Ball, location: 2F 0-2: Ball 1-2: Ground out 5-3 (Groundball, 56S, EV 68.8 MPH) Ch'ang-chieh Hsia to third Alex Ramos to second
|
|
Batting: LHB Mike Becerra
|
0-0: Swinging Strike 0-1: Foul Ball, location: 2F 0-2: Ball 1-2: Strikes out swinging
|
|
Pitching: RHP Joaquin Villalobos
|
|
|
Batting: SHB David Garnica
|
0-0: Fly out, F8 (Flyball, 8LXD, EV 109.4 MPH)
|
| Bottom of the 6th over - 1 run, 1 hit, 0 errors, 2 left on base; Salem-Keizer 4 - Cincinnati (NYP) 6 |
| TOP OF THE 7TH |
|
Salem-Keizer Volcanoes batting - Pitching for Cincinnati (NYP) Reds : LHP Andres Lobato
|
|
Pitching: LHP Hiroshi Mukae
|
|
|
Batting: RHB Mario Saez
|
0-0: Ball 1-0: Foul Ball, location: 2F 1-1: Swinging Strike 1-2: Ball 2-2: Ball 3-2: Strikes out swinging
|
|
Batting: LHB Ben Radach
|
0-0: Ball 1-0: Called Strike 1-1: Called Strike 1-2: Foul Ball, location: 2F 1-2: Strikes out swinging
|
|
Batting: LHB Tom Reynolds
|
0-0: Called Strike 0-1: Ball 1-1: Foul Ball, location: 2F 1-2: Foul Ball, location: 2F 1-2: Foul Ball, location: 2F 1-2: Strikes out looking
|
| Top of the 7th over - 0 runs, 0 hits, 0 errors, 0 left on base; Salem-Keizer 4 - Cincinnati (NYP) 6 |
| BOTTOM OF THE 7TH |
|
Cincinnati (NYP) Reds batting - Pitching for Salem-Keizer Volcanoes : RHP Joaquin Villalobos
|
|
Batting: SHB Cesar Pelayo
|
0-0: Called Strike 0-1: Ball 1-1: Fly out, F7 (Flyball, 7, EV 96.2 MPH)
|
|
Batting: RHB Andy Bachman
|
0-0: Foul Ball, location: 2F 0-1: Foul Ball, location: 2F 0-2: Foul Ball, location: 2F 0-2: Ball 1-2: Ground out U3 (Groundball, 3, EV 88.1 MPH)
|
|
Batting: RHB Nick Moreno
|
0-0: Swinging Strike 0-1: Called Strike 0-2: Ball 1-2: Ground out 4-3 (Groundball, 4, EV 88.1 MPH)
|
| Bottom of the 7th over - 0 runs, 0 hits, 0 errors, 0 left on base; Salem-Keizer 4 - Cincinnati (NYP) 6 |
| TOP OF THE 8TH |
|
Salem-Keizer Volcanoes batting - Pitching for Cincinnati (NYP) Reds : LHP Hiroshi Mukae
|
|
Batting: LHB Mike Sammons
|
0-0: Foul Ball, location: 2F 0-1: Foul Ball, location: 2F 0-2: Ball 1-2: Strikes out looking
|
|
Pinch Hitting: LHB Chris Raymond
|
0-0: Called Strike 0-1: Ball 1-1: Swinging Strike 1-2: Strikes out swinging
|
|
Batting: SHB Curtis Thompson
|
0-0: Ball 1-0: Foul Ball, location: 2F 1-1: Swinging Strike 1-2: Strikes out swinging, 2-3 out at first.
|
| Top of the 8th over - 0 runs, 0 hits, 0 errors, 0 left on base; Salem-Keizer 4 - Cincinnati (NYP) 6 |
| BOTTOM OF THE 8TH |
|
Cincinnati (NYP) Reds batting - Pitching for Salem-Keizer Volcanoes : RHP Joaquin Villalobos
|
|
Now at SS: Chris Raymond
|
|
|
Batting: LHB Josh Slusarczyk
|
0-0: Ball 1-0: Ground out U3 (Groundball, 13, EV 78.8 MPH)
|
|
Batting: RHB Ch'ang-chieh Hsia
|
0-0: Ball 1-0: Ball 2-0: Foul Ball, location: 2F 2-1: Ball 3-1: Fly out, F8 (Flyball, 78M, EV 88.8 MPH)
|
|
Batting: LHB Alex Ramos
|
0-0: Ball 1-0: Foul Ball, location: 2F 1-1: Ground out 6-3 (Groundball, 6, EV 89.4 MPH)
|
| Bottom of the 8th over - 0 runs, 0 hits, 0 errors, 0 left on base; Salem-Keizer 4 - Cincinnati (NYP) 6 |
| TOP OF THE 9TH |
|
Salem-Keizer Volcanoes batting - Pitching for Cincinnati (NYP) Reds : LHP Hiroshi Mukae
|
|
Pitching: RHP Guang Jue
|
|
|
Now at 1B: Dave Ruiz
|
|
|
Now in LF: Martin Koka
|
|
|
Now in CF: Nick Moreno
|
|
|
Now in RF: David Garnica
|
|
|
Batting: RHB Adrian Martinelli
|
0-0: Called Strike 0-1: SINGLE (Line Drive, 5D, EV 98.1 MPH)
|
|
Pinch Hitting: SHB Dan Hill
|
0-0: Foul Ball, location: 2F 0-1: Swinging Strike 0-2: Ball 1-2: DOUBLE (Line Drive, 7LS, EV 94.4 MPH) Adrian Martinelli to third
|
|
Batting: RHB David Bibian
|
0-0: Ball 1-0: Ground out U3 (Groundball, 34, EV 85.0 MPH) Adrian Martinelli scores Dan Hill to third
|
|
Batting: RHB Mario Saez
|
0-0: Called Strike 0-1: Ball 1-1: Swinging Strike 1-2: Ground out 6-3 (Groundball, 6, EV 84.4 MPH)
|
|
Batting: LHB Ben Radach
|
0-0: Ball 1-0: Called Strike 1-1: Foul Ball, location: 2F 1-2: Foul Ball, location: 2F 1-2: Foul Ball, location: 2F 1-2: Ball Wild Pitch! Dan Hill scores 2-2: Ball 3-2: Foul Ball, location: 2F 3-2: Foul Ball, location: 2F 3-2: Foul Ball, location: 2F 3-2: SINGLE (Line Drive, 6D, EV 100.0 MPH)
|
|
Batting: LHB Tom Reynolds
|
0-0: Fielders Choice at 2nd, 6-4 (Groundball, 6, EV 98.1 MPH)
|
| Top of the 9th over - 2 runs, 3 hits, 0 errors, 1 left on base; Salem-Keizer 6 - Cincinnati (NYP) 6 |
| BOTTOM OF THE 9TH |
|
Cincinnati (NYP) Reds batting - Pitching for Salem-Keizer Volcanoes : RHP Joaquin Villalobos
|
|
Now in CF: Mario Mendoza
|
|
|
Pinch Hitting: RHB Alex de Leon
|
0-0: Swinging Strike 0-1: Ball 1-1: Foul Ball, location: 2F 1-2: Foul Ball, location: 2F 1-2: Foul Ball, location: 2F 1-2: Ball 2-2: Strikes out swinging
|
|
Pinch Hitting: LHB Cesar Arteaga
|
0-0: Called Strike 0-1: Fly out, F7 (Line Drive, 7, EV 88.8 MPH)
|
|
Batting: SHB David Garnica
|
0-0: Foul Ball, location: 2F 0-1: Called Strike 0-2: Ball 1-2: Strikes out swinging, 2-3 out at first.
|
| Bottom of the 9th over - 0 runs, 0 hits, 0 errors, 0 left on base; Salem-Keizer 6 - Cincinnati (NYP) 6 |
| TOP OF THE 10TH |
|
Salem-Keizer Volcanoes batting - Pitching for Cincinnati (NYP) Reds : RHP Guang Jue
|
|
Pitching: LHP Brett Grijalva
|
|
|
Now at 1B: Cesar Arteaga
|
|
|
Now at 2B: Alex de Leon
|
|
|
Now at 3B: Josh Slusarczyk
|
|
|
Pinch Hitting: RHB Oscar Fausto
|
0-0: Ball 1-0: Ball 2-0: Swinging Strike 2-1: Foul Ball, location: 2F 2-2: Strikes out looking
|
|
Pinch Hitting: RHB Tony Harper
|
0-0: Ball 1-0: Foul Ball, location: 2F 1-1: Ground out 6-3 (Groundball, 6, EV 86.9 MPH)
|
|
Batting: SHB Curtis Thompson
|
0-0: Ball 1-0: Foul Ball, location: 2F 1-1: Foul Ball, location: 2F 1-2: Ball 2-2: Ground out 5-3 (Groundball, 56S, EV 84.4 MPH)
|
| Top of the 10th over - 0 runs, 0 hits, 0 errors, 0 left on base; Salem-Keizer 6 - Cincinnati (NYP) 6 |
| BOTTOM OF THE 10TH |
|
Cincinnati (NYP) Reds batting - Pitching for Salem-Keizer Volcanoes : RHP Joaquin Villalobos
|
|
Pitching: RHP Loeck Bakker
|
|
|
Now at C: Oscar Fausto
|
|
|
Now at SS: Lee Deason
|
|
|
Batting: LHB Martin Koka
|
0-0: Called Strike 0-1: Ball 1-1: Foul Ball, location: 2F 1-2: Strikes out swinging
|
|
Batting: RHB Andy Bachman
|
0-0: Foul Ball, location: 2F 0-1: Called Strike 0-2: Hit by Pitch
|
|
Batting: RHB Nick Moreno
|
0-0: Ball 1-0: Called Strike 1-1: Fly out, F8 (Line Drive, 8RM, EV 97.5 MPH)
|
|
Batting: LHB Josh Slusarczyk
|
0-0: Ball 1-0: Ball 2-0: Called Strike 2-1: Ball 3-1: Foul Ball, location: 2F 3-2: Strikes out swinging
|
| Bottom of the 10th over - 0 runs, 0 hits, 0 errors, 1 left on base; Salem-Keizer 6 - Cincinnati (NYP) 6 |
| TOP OF THE 11TH |
|
Salem-Keizer Volcanoes batting - Pitching for Cincinnati (NYP) Reds : LHP Brett Grijalva
|
|
Batting: RHB Adrian Martinelli
|
0-0: Ball 1-0: Foul Ball, location: 2F 1-1: Ball 2-1: Foul Ball, location: 2F 2-2: Ball 3-2: Fly out, F1 (Line Drive, P, EV 64.4 MPH)
|
|
Batting: RHB Mario Mendoza
|
0-0: Called Strike 0-1: Ball 1-1: Ball 2-1: Hit by Pitch
|
|
Batting: RHB David Bibian
|
0-0: Called Strike 0-1: Ball 1-1: Ball Mario Mendoza is caught stealing 2nd base 2-4 2-1: Ball 3-1: Fly out, F9 (Flyball, 89S, EV 89.4 MPH)
|
| Top of the 11th over - 0 runs, 0 hits, 0 errors, 0 left on base; Salem-Keizer 6 - Cincinnati (NYP) 6 |
| BOTTOM OF THE 11TH |
|
Cincinnati (NYP) Reds batting - Pitching for Salem-Keizer Volcanoes : RHP Loeck Bakker
|
|
Pinch Hitting: LHB Fernando Gomez
|
0-0: Called Strike 0-1: Swinging Strike 0-2: Strikes out looking
|
|
Batting: LHB Alex Ramos
|
0-0: Ball 1-0: Called Strike 1-1: Swinging Strike 1-2: Ball 2-2: Foul Ball, location: 2F 2-2: Foul Ball, location: 2F 2-2: Foul Ball, location: 2F 2-2: Strikes out swinging
|
|
Batting: RHB Alex de Leon
|
0-0: Ball 1-0: Foul Ball, location: 2F 1-1: Ball 2-1: Called Strike 2-2: Strikes out swinging
|
| Bottom of the 11th over - 0 runs, 0 hits, 0 errors, 0 left on base; Salem-Keizer 6 - Cincinnati (NYP) 6 |
| TOP OF THE 12TH |
|
Salem-Keizer Volcanoes batting - Pitching for Cincinnati (NYP) Reds : LHP Brett Grijalva
|
|
Pitching: RHP Gilbert Paparelli
|
|
|
Now at C: Gabe Gutierrez
|
|
|
Batting: RHB Mario Saez
|
0-0: Ball 1-0: Ball 2-0: Foul Ball, location: 2F 2-1: SINGLE (Groundball, 6D, EV 98.8 MPH)
|
|
Batting: LHB Ben Radach
|
0-0: Ball 1-0: 2-RUN HOME RUN (Flyball, 7LD, EV 93.8 MPH), Distance : 360 ft
|
|
Batting: LHB Tom Reynolds
|
0-0: Ball 1-0: Fly out, F8 (Line Drive, 8RD, EV 92.5 MPH)
|
|
Batting: RHB Oscar Fausto
|
0-0: Ball 1-0: Fly out, F7 (Flyball, 78S, EV 93.1 MPH)
|
|
Batting: RHB Lee Deason
|
0-0: Called Strike 0-1: SINGLE (Line Drive, 56D, EV 104.4 MPH)
|
|
Batting: SHB Curtis Thompson
|
0-0: Foul Ball, location: 2F 0-1: Foul Ball, location: 2F 0-2: Foul Ball, location: 2F 0-2: Ball 1-2: Foul Ball, location: 2F 1-2: Strikes out swinging
|
| Top of the 12th over - 2 runs, 3 hits, 0 errors, 1 left on base; Salem-Keizer 8 - Cincinnati (NYP) 6 |
| BOTTOM OF THE 12TH |
|
Cincinnati (NYP) Reds batting - Pitching for Salem-Keizer Volcanoes : RHP Loeck Bakker
|
|
Pitching: RHP Chong-hun Park
|
|
|
Now at 1B: J.R. Roberts
|
|
|
Now in LF: Mario Mendoza
|
|
|
Now in CF: Joe Hoover
|
|
|
Batting: LHB Cesar Arteaga
|
0-0: Swinging Strike 0-1: Ball 1-1: Ball 2-1: Ground out 4-3 (Groundball, 4, EV 85.0 MPH)
|
|
Batting: SHB David Garnica
|
0-0: Ball 1-0: SOLO HOME RUN (Flyball, 9LD, EV 93.8 MPH), Distance : 370 ft
|
|
Batting: LHB Martin Koka
|
0-0: Ball 1-0: SINGLE (Line Drive, 56, EV 103.1 MPH)
|
|
Batting: RHB Andy Bachman
|
0-0: Swinging Strike 0-1: Called Strike 0-2: Ball 1-2: Strikes out swinging
|
|
Batting: RHB Nick Moreno
|
0-0: Called Strike 0-1: Hit by Pitch Martin Koka to second
|
|
Batting: LHB Josh Slusarczyk
|
0-0: Foul Ball, location: 2F 0-1: Ball Passed Ball! Martin Koka to third Nick Moreno to second 1-1: Ball 2-1: Ball 3-1: Foul Ball, location: 2F 3-2: Foul Ball, location: 2F 3-2: Foul Ball, location: 2F 3-2: Foul Ball, location: 2F 3-2: Strikes out looking
|
| Bottom of the 12th over - 1 run, 2 hits, 0 errors, 2 left on base; Salem-Keizer 8 - Cincinnati (NYP) 7 |
|